 Dungeon Crawl Stone Soup version 0.31-a0-431-g88bdf31460 (webtiles) character file.

Game seed: 3073301459810593040

53 CraigForest the Changeling (level 3, -1/28 HPs)
             Began as a Draconian Shapeshifter on July 31, 2023.
             Was a Believer of Uskayaw.
             Slain by a goblin
             ... wielding a +0 dagger of electrocution
              (17 damage)
             ... on level 2 of the Dungeon.
             The game lasted 00:07:01 (977 turns).

CraigForest the Changeling (Draconian Shapeshifter)  Turns: 977, Time: 00:07:02

Health: -1/28      AC:  9    Str: 19    XL:     3   Next: 64%
Magic:  3/3        EV: 12    Int:  8    God:    Uskayaw [**....]
Gold:   103        SH:  0    Dex: 11    Spells: 2/2 levels left

rFire   . .          .
                       - Unarmed
rCold   . . .        (no shield)
rNeg    . . .        (body armour unavailable)
rPois   .            (helmet currently unavailable)
rElec   .            (cloak currently unavailable)
rCorr   .            (gloves currently unavailable)
SInv    .            (boots currently unavailable)
Will    .....        (no amulet)
Stlth   +            d - +4 ring of protection
HPRegen 0.24/turn    (no ring)
MPRegen 0.08/turn

%: no passive effects
@: beast-form
A: beast (slay +2), AC +5, unfitting armour, cold-blooded
a: Begin Untransformation, Renounce Religion, Stomp, Line Pass


You were on level 2 of the Dungeon.
You worshipped Uskayaw.
Uskayaw was noncommittal.
You were a hulking beast.
You visited 1 branch of the dungeon, and saw 2 of its levels.

You collected 103 gold pieces.

Inventory:

Missiles
 e - 6 curare-tipped darts
Magical Staves
 f - a staff of fire
Jewellery
 d - a +4 ring of protection (left hand)
Talismans
 b - a beast talisman (active)
Scrolls
 i - a scroll of revelation {unknown}
Potions
 a - 2 potions of lignification
 c - a potion of magic {unknown}
 g - a potion of enlightenment {unknown}
 h - 2 potions of curing {unknown}


   Skills:
 + Level 1.1 Fighting
 + Level 2.3 Dodging
 + Level 0.4 Stealth
 + Level 3.5 Unarmed Combat
 + Level 3.5 Shapeshifting


You had 2 spell levels left.
You didn't know any spells.
Your spell library contained the following spells:

 Spells                   Type           Power      Damage    Failure   Level
 Apportation              Tloc           0%         N/A       41%         1
 Necrotise                Necr           0%         1d4       41%         1
 Summon Small Mammal      Summ           0%         N/A       41%         1


Dungeon Overview and Level Annotations

Branches:
Dungeon (2/15)

Altars:
Elyvilon
Uskayaw


Innate Abilities, Weirdness & Mutations

You are a hulking beast.
Your limbs bulge with bestial killing power. (Slay +2)
Your plain brown scales are hard. (AC +5)
You cannot fit into any form of body armour.
You are cold-blooded and may be slowed by cold attacks.


Message History

Uskayaw will force your foes to helplessly watch your dance.
You have reached level 3!
Your experience leads to an increase in your attributes!
Increase (S)trength, (I)ntelligence, or (D)exterity?
You feel stronger. x2; Your scales feel tougher.
Unknown command.
A kobold comes into view. It is wielding a +0 short sword.
Found a dagger.
The kobold shouts!
You hear a shout!
You hear an angry hiss.
You are too injured to fight recklessly!
You are too injured to fight recklessly!
You are too injured to fight recklessly!
You are too injured to fight recklessly!
You closely miss the kobold. The kobold hits you but does no damage.
You hit the kobold.
You kill the kobold!
A goblin comes into view. It is wielding a +0 dagger.
Found 12 gold pieces.
Things that are here:
a +0 short sword; a kobold corpse The goblin shouts!
You see here a scroll labelled KOWKYODOBLO.
i - a scroll labelled KOWKYODOBLO A goblin comes into view.
It is wielding a +0 dagger of electrocution.
You hit the goblin.
You kill the goblin!
Okay, then.
A hobgoblin comes into view.
An adder comes into view.
Things that are here:
a +0 short sword; a kobold corpse You hit the goblin.
The goblin is heavily wounded.
The goblin hits you but does no damage.
You completely miss the goblin.
The goblin is heavily wounded.
You closely miss the goblin.
Your tail-slap misses the goblin.
The goblin is heavily wounded.
The goblin hits you but does no damage.
You are electrocuted!
Ouch! That really hurt!
You die...

.# #.#####
....... # #
..#).. #.#.
##....#
#.#.###....#
##.........##$#
........gg..'.#
####.##)h#.##.#
.####....##
........##
#####.#..####
#.#...#.## #
#.#.)..#
#.#.##..##
#)...#...#
####.#..).#


You could see a hobgoblin and a goblin.

Vanquished Creatures
  Terence (D:2)
  An orc (D:2)
  2 endoplasms (D:1)
  A giant cockroach (D:2)
  4 goblins
  A hobgoblin (D:1)
  4 quokkas
  2 ball pythons (D:1)
  3 bats (D:1)
  A frilled lizard (D:2)
  5 kobolds
  A rat (D:2)
26 creatures vanquished.

Notes
Turn   | Place    | Note
-------+----------+-------------------------------------------
     0 | D:1      | CraigForest the Draconian Shapeshifter began the quest for
                  | the Orb.
     0 | D:1      | Reached XP level 1. HP: 16/16 MP: 1/1
   153 | D:1      | Reached XP level 2. HP: 23/23 MP: 2/2
   596 | D:1      | Found a faded altar of an unknown god.
   599 | D:1      | Prayed at the altar of an unknown god.
   599 | D:1      | Became a worshipper of Uskayaw the Reveller
   599 | D:1      | Reached * piety under Uskayaw
   836 | D:2      | Reached ** piety under Uskayaw
   891 | D:2      | Found a white marble altar of Elyvilon.
   937 | D:2      | Noticed Terence
   953 | D:2      | Reached *** piety under Uskayaw
   959 | D:2      | Killed Terence
   960 | D:2      | Reached XP level 3. HP: 12/28 MP: 3/3
   977 | D:2      | Slain by a goblin

Illustrated notes

Levels and vault maps discovered:
D:1:      dpeg_arrival_fog, layout_loops_ring,
          shapermc_ecumenical_altar_hornbeckon, hex_tiny, corner_web_ring
D:2:      layout_loops_ring, basic_altar, minmay_fractal_squares_gapless_5,
          uniq_terence

Skill      XL: |  1 |
---------------+----+-----
Dodging        | 2 |  2.3
Fighting       | |  1.1
Stealth        | |  0.4
Unarmed Combat | |  3.5
Shapeshifting  | |  3.5

Action                     || total
---------------------------++-------
  Melee: Unarmed           ||    78
         Tailslap          ||     6
         Punch             ||     1
    Use: Scroll            ||     1
   Stab: Paralysed         ||     1
 Armour: Skin              ||    24
  Dodge: Dodged            ||    41

Table legend: (Time is in decaauts)
 A = Elapsed time spent in this place.
 B = Non-inter-level travel time spent in this place.
 C = Inter-level travel time spent in this place.
 D = Time resting spent in this place.
 E = Time spent auto-exploring this place.
 F = Levels seen in this place.
 G = Mean time per level.
                   A        B        C        D        E       F      G
               +--------+--------+--------+--------+--------+-----+--------+
         Total |    983 |    825 |    158 |      0 |    616 |   2 |  491.5 |
       Dungeon |    983 |    825 |    158 |      0 |    616 |   2 |  491.5 |
               +--------+--------+--------+--------+--------+-----+--------+

Top non-repeatable levels by time:
     D:1: 775 daAuts
     D:2: 208 daAuts
